[Event "Titled Tuesday Blitz August 08 Late 2023"]
[White "Zairbek kyzy, Begimai"]
[Black "Daianu, Cristian-Clement"]
[WhiteFideId "13803603"]
[BlackFideId "1208926"]
[WhiteElo "2016"]
[BlackElo "2339"]
[Result "1-0"]
[Round "3"]
[TimeControl "180+1"]
[Date "2023.08.08"]
[WhiteClock "0:00:22"]
[BlackClock "0:00:00"]
[Board "193"]

1. e4 e5 2. Nf3 Nc6 3. Bc4 Nf6 4. d3 Bc5 5. O-O d6 6. Be3 Bxe3 7. fxe3 O-O 8. Nc3 Ne7 9. Qe1 c6 10. Qg3 Ng6 11. h3 a5 12. a4 Bd7 13. d4 Re8 14. Rae1 Qb6 15. Bb3 Be6 16. Bxe6 Rxe6 17. b3 Rae8 18. d5 cxd5 19. exd5 R6e7 20. Nd2 Qb4 21. e4 Rc7 22. Nc4 Rxc4 23. bxc4 Qxc4 24. Qd3 Qc5+ 25. Kh2 Nf4 26. Qe3 Qc4 27. Rb1 Rc8 28. Rf3 Qc7 29. Rb6 h6 30. Rg3 N6h5 31. Rf3 Nf6 32. Ne2 Nd7 33. Rb2 Ng6 34. c3 Nc5 35. Ng3 Nxa4 36. Rc2 Nc5 37. Nf5 a4 38. Rg3 Qd7 39. h4 f6 40. Rxg6 1-0


[Site "https://www.chess.com"]

[Event "Titled Tuesday Blitz August 08 Late 2023"]
[White "Grig1508"]
[Black "Villuendas Valero, Adrian"]
[BlackFideId "2262460"]
[WhiteElo "2009"]
[BlackElo "2332"]
[Result "1-0"]
[Round "3"]
[TimeControl "180+1"]
[Date "2023.08.08"]
[WhiteClock "0:00:11"]
[BlackClock "0:00:03"]
[Board "194"]

1. e4 e6 2. d4 d5 3. e5 b6 4. f4 Ba6 5. Bd3 c5 6. Nf3 Ne7 7. O-O Bxd3 8. Qxd3 Nbc6 9. a3 Nf5 10. c3 Be7 11. b4 cxd4 12. cxd4 O-O 13. Nc3 Rc8 14. Ne2 f6 15. Ra2 fxe5 16. fxe5 h6 17. Nf4 Qd7 18. Ng6 Rf7 19. Raf2 a5 20. g4 Nfxd4 21. Nxd4 Rxf2 22. Kxf2 axb4 23. Nxe7+ Qxe7 24. Nxc6 Rxc6 25. axb4 Qxb4 26. h3 Qc5+ 27. Kg2 Qc2+ 28. Qxc2 Rxc2+ 29. Kg3 Re2 30. Bf4 g5 31. Kf3 Rc2 32. Bg3 Rc3+ 33. Kg2 Rc2+ 34. Rf2 Rc3 35. Rb2 Rc6 36. Bf2 Rc4 37. Rxb6 Kg7 38. Rxe6 d4 39. Rd6 Kf7 40. Rxd4 1-0


[Site "https://www.chess.com"]

[Event "Titled Tuesday Blitz August 08 Late 2023"]
[White "crosky"]
[Black "Osiecki, Stanislaw"]
[BlackFideId "1102990"]
[WhiteElo "2328"]
[BlackElo "2005"]
[Result "1-0"]
[Round "3"]
[TimeControl "180+1"]
[Date "2023.08.08"]
[WhiteClock "0:00:03"]
[BlackClock "0:00:00"]
[Board "195"]

1. c4 Nf6 2. Nc3 g6 3. e4 d6 4. d4 Bg7 5. Be2 O-O 6. Bg5 h6 7. Be3 e5 8. d5 a5 9. Qd2 Kh7 10. f3 Na6 11. g4 h5 12. h3 Nc5 13. Bd1 Bd7 14. b3 a4 15. b4 Na6 16. a3 Qe7 17. Bxa4 Bxa4 18. Nxa4 c6 19. Nb6 Rad8 20. Ne2 cxd5 21. cxd5 Nc7 22. a4 Rh8 23. Kf2 Kg8 24. g5 Nd7 25. h4 Kh7 26. Rhc1 Nxb6 27. Bxb6 Rc8 28. Bxc7 Rxc7 29. Rxc7 Qxc7 30. a5 f6 31. Rc1 Qd7 32. Kg2 fxg5 33. hxg5 h4 34. Kh2 Rf8 35. Qc3 Qf7 36. Ng1 Qf4+ 37. Kh1 Qxg5 38. Rc2 Qf4 39. Qc7 h3 40. Rh2 Kg8 41. Rxh3 Qe3 42. Qxd6 Rf6 43. Qd8+ Rf8 44. Qd6 Rf6 45. Qxe5 Rf8 46. Qc7 Qf4 47. Qxf4 Rxf4 48. Kg2 Bd4 49. Ne2 1-0


[Site "https://www.chess.com"]

[Event "Titled Tuesday Blitz August 08 Late 2023"]
[White "Dmitriev, Sergey"]
[Black "Shapiro, Daniel"]
[WhiteFideId "14101785"]
[BlackFideId "2001780"]
[WhiteElo "1983"]
[BlackElo "2327"]
[Result "0-1"]
[Round "3"]
[TimeControl "180+1"]
[Date "2023.08.08"]
[WhiteClock "0:00:00"]
[BlackClock "0:00:02"]
[Board "196"]

1. e4 c5 2. Nf3 d6 3. d4 cxd4 4. Nxd4 Nf6 5. Bb5+ Nbd7 6. Nc3 a6 7. Bd3 b5 8. a3 Bb7 9. O-O g6 10. Re1 Bg7 11. Bg5 O-O 12. Nf3 h6 13. Bh4 e6 14. Rc1 Qc7 15. Qe2 Rac8 16. h3 Rfe8 17. Bg3 Nh5 18. Bh2 Bxc3 19. bxc3 Ne5 20. Nxe5 dxe5 21. Qe3 Kg7 22. Qa7 Ra8 23. Qe3 Qxc3 24. Qb6 Rab8 25. Qd6 Nf4 26. Bxf4 exf4 27. Qxf4 Qxa3 28. Qe5+ Kg8 29. Qf4 Kg7 30. h4 e5 31. Qg4 Qe7 32. h5 Bc8 33. Qg3 Qg5 34. Qf3 Bg4 35. Qg3 Bxh5 36. Qh3 Qg4 37. Qh2 Qf4 38. Qh3 Bg4 39. Qe3 Qxe3 40. Rxe3 Be6 41. Ra1 Rb6 42. g3 Rc8 43. f4 Kf6 44. fxe5+ Kxe5 45. Kg2 Bc4 46. Rf1 Bxd3 47. cxd3 f6 48. Ref3 Rd6 49. Ra1 Rc3 50. Rd1 Rc2+ 51. Kh3 b4 52. g4 a5 53. Ra1 Ra6 54. Kg3 a4 55. Rf2 Rxf2 56. Kxf2 b3 57. Ke2 Kd4 58. Kd2 a3 59. Rc1 b2 60. Rc4+ Ke5 61. Rc5+ Kf4 62. Rc4 b1=Q 63. e5+ Kxe5 64. Re4+ Kd5 65. Re8 Qb2+ 66. Ke3 Re6+ 0-1


[Site "https://www.chess.com"]

[Event "Titled Tuesday Blitz August 08 Late 2023"]
[White "Perez Ponsa, Federico"]
[Black "Vachier-Lagrave, Maxime"]
[WhiteFideId "117927"]
[BlackFideId "623539"]
[WhiteElo "2874"]
[BlackElo "3171"]
[Result "1-0"]
[Round "4"]
[TimeControl "180+1"]
[Date "2023.08.08"]
[WhiteClock "0:00:09"]
[BlackClock "0:00:01"]
[Board "1"]

1. e4 e5 2. Nf3 Nc6 3. d4 exd4 4. Nxd4 Bc5 5. Nb3 Bb4+ 6. c3 Be7 7. f4 d6 8. N1d2 f5 9. Bd3 fxe4 10. Nxe4 d5 11. Ng5 Nf6 12. Qc2 Qd6 13. O-O Nd8 14. Be3 b6 15. Rae1 h6 16. Bg6+ Kf8 17. Nf3 Ba6 18. Bd3 Bxd3 19. Qxd3 c5 20. Nbd2 Nf7 21. Qf5 Qd7 22. Qg6 Qg4 23. Qc2 Bd6 24. h3 Qh5 25. Qd3 Re8 26. a4 c4 27. Qc2 g6 28. Bd4 Kg7 29. Nh2 Bc5 30. Ndf3 Qf5 31. Qf2 Bxd4 32. Nxd4 Qd7 33. f5 g5 34. Ne6+ Kh7 35. Qd4 Qe7 36. Nxg5+ Nxg5 37. Rxe7+ Rxe7 38. Qxf6 Rg7 39. Ng4 Nf7 40. Re1 h5 41. Re7 Rf8 42. Qh4 Kg8 43. Nf6+ 1-0


[Site "https://www.chess.com"]

[Event "Titled Tuesday Blitz August 08 Late 2023"]
[White "Fedoseev, Vladimir"]
[Black "Ibarra Jerez, Jose Carlos"]
[WhiteFideId "24130737"]
[BlackFideId "2226332"]
[WhiteElo "3099"]
[BlackElo "2863"]
[Result "1-0"]
[Round "4"]
[TimeControl "180+1"]
[Date "2023.08.08"]
[WhiteClock "0:00:09"]
[BlackClock "0:00:00"]
[Board "2"]

1. Nf3 d6 2. g3 e5 3. Bg2 f5 4. O-O Nf6 5. d3 Be7 6. c4 O-O 7. Nc3 Qe8 8. c5 Qh5 9. cxd6 cxd6 10. Ng5 Nc6 11. f4 h6 12. Qb3+ Kh8 13. Ne6 Nd4 14. Nxd4 exd4 15. Nd5 Nxd5 16. Bxd5 Qxe2 17. Bf3 Qe6 18. Qxe6 Bxe6 19. Re1 Rf6 20. b3 Bd8 21. Bxb7 Rb8 22. Bf3 Ba5 23. Re2 Bc3 24. Bb2 Bxb2 25. Rxb2 Rc8 26. Kf2 Rf7 27. Ke2 Rfc7 28. Kd2 Kg8 29. b4 Rc3 30. a4 Bb3 31. Rxb3 Rc2+ 32. Ke1 Rxh2 33. Rba3 Re8+ 34. Kf1 Re3 35. Bd5+ Kh7 36. R1a2 Rh3 37. Re2 Rexg3 38. b5 Rg4 39. a5 Rxf4+ 40. Rf2 Rg4 41. b6 axb6 42. a6 1-0


[Site "https://www.chess.com"]

[Event "Titled Tuesday Blitz August 08 Late 2023"]
[White "Martinez Alcantara, Jose Eduardo"]
[Black "Rasulov, Vugar"]
[WhiteFideId "3805662"]
[BlackFideId "13402390"]
[WhiteElo "3055"]
[BlackElo "2853"]
[Result "0-1"]
[Round "4"]
[TimeControl "180+1"]
[Date "2023.08.08"]
[WhiteClock "0:00:00"]
[BlackClock "0:00:29"]
[Board "3"]

1. e4 a6 2. d4 b5 3. Bd3 Bb7 4. Nf3 e6 5. c3 d5 6. e5 c5 7. O-O Nc6 8. Be3 c4 9. Bc2 Nge7 10. Ne1 Nf5 11. g3 Be7 12. Ng2 h5 13. h4 Qd7 14. Nd2 O-O-O 15. Nf3 f6 16. Bxf5 exf5 17. Re1 fxe5 18. dxe5 d4 19. Bxd4 Nxd4 20. Nxd4 g5 21. Qc2 Qd5 22. Qxf5+ Kb8 23. f3 gxh4 24. Nxh4 Rhg8 25. Kh2 Rdf8 26. Qe6 Bxh4 27. gxh4 Rxf3 28. Qxd5 Rf2+ 29. Kh3 Bxd5 30. Rg1 Bg2+ 31. Kh2 Rg4 32. Rxg2 Rfxg2+ 33. Kh1 Rxb2 34. Re1 Rxh4+ 35. Kg1 Rhh2 36. Re3 Rbg2+ 37. Kf1 Rxa2 38. Kg1 Rhb2 39. Kf1 Rb1+ 40. Re1 Rxe1+ 41. Kxe1 Kc7 42. Ne6+ Kc6 43. Nf4 h4 44. Kf1 b4 45. cxb4 c3 46. Ne2 Rxe2 47. Kxe2 h3 48. b5+ axb5 49. e6 h2 50. e7 Kd7 51. Kf2 Kxe7 52. Kg3 c2 53. Kxh2 c1=Q 54. Kg3 Qe3+ 55. Kg4 b4 56. Kh5 Kf6 57. Kg4 Qf2 58. Kh3 Qg1 59. Kh4 Qg2 0-1


[Site "https://www.chess.com"]

[Event "Titled Tuesday Blitz August 08 Late 2023"]
[White "Rustemov, Alexander"]
[Black "Aronian, Levon"]
[WhiteFideId "4119002"]
[BlackFideId "13300474"]
[WhiteElo "2845"]
[BlackElo "3054"]
[Result "1-0"]
[Round "4"]
[TimeControl "180+1"]
[Date "2023.08.08"]
[WhiteClock "0:00:16"]
[BlackClock "0:00:00"]
[Board "4"]

1. d4 Nf6 2. c4 g6 3. Nf3 Bg7 4. g3 O-O 5. Bg2 Nc6 6. O-O d6 7. Nc3 e5 8. h3 exd4 9. Nxd4 Bd7 10. Nc2 Re8 11. b3 Qc8 12. Kh2 Ng4+ 13. hxg4 Bxc3 14. f3 Nd4 15. Nxd4 Bxa1 16. Bh6 Bc3 17. Qd3 Ba5 18. e4 Qd8 19. g5 Qe7 20. Nc2 f6 21. Ne3 c6 22. Rd1 fxg5 23. Qxd6 Qxd6 24. Rxd6 Be6 25. Bxg5 Bd8 26. Bxd8 Raxd8 27. c5 Bf7 28. f4 b6 29. b4 bxc5 30. bxc5 Rb8 31. e5 Rb2 32. Kh3 Be6+ 33. Kh4 h6 34. g4 Bf7 35. Bxc6 g5+ 36. Kg3 gxf4+ 37. Kxf4 Rb4+ 38. Kf5 Rf8 39. e6 Be8+ 40. Ke5 Bg6 41. Nf5 h5 42. e7 1-0


[Site "https://www.chess.com"]

[Event "Titled Tuesday Blitz August 08 Late 2023"]
[White "Paravyan, David"]
[Black "Mitrabha, Guha"]
[WhiteFideId "4194985"]
[BlackFideId "5057000"]
[WhiteElo "3038"]
[BlackElo "2841"]
[Result "1/2-1/2"]
[Round "4"]
[TimeControl "180+1"]
[Date "2023.08.08"]
[WhiteClock "0:00:11"]
[BlackClock "0:00:45"]
[Board "5"]

1. e4 c6 2. d4 d5 3. e5 Bf5 4. Nf3 e6 5. Be2 c5 6. Be3 cxd4 7. Nxd4 Ne7 8. O-O Nbc6 9. Bb5 a6 10. Bxc6+ bxc6 11. c4 Qd7 12. Nc3 dxc4 13. Na4 Nd5 14. Nxf5 exf5 15. Rc1 Be7 16. Rxc4 O-O 17. Nb6 Nxb6 18. Bxb6 Qe6 19. Qc1 Qxe5 20. Re1 Qb5 21. Rxe7 Qxb6 22. Rxc6 Qa5 23. Qc4 Rad8 24. g3 Rd2 25. Rc8 Rdd8 26. Rxd8 Qxd8 27. Ra7 a5 28. Kg2 Qb6 29. Ra6 Qb7+ 30. Qc6 Qxb2 31. Rxa5 f4 32. gxf4 Qd2 33. Ra8 Qxf4 34. h3 Qg5+ 35. Kf1 g6 36. a4 Qf5 37. Rxf8+ Kxf8 38. Qd6+ Kg8 39. Qa3 Qa5 40. Qb3 Qf5 41. Qb8+ Kg7 42. Qb2+ Kg8 43. Qa3 Qa5 44. h4 h5 45. Kg2 Qd5+ 46. Qf3 Qa5 47. Qc6 Qb4 48. Qe8+ Kg7 49. Qe5+ Kg8 50. Qe8+ Kg7 51. Qe5+ Kg8 52. Qe8+ 1/2-1/2


[Site "https://www.chess.com"]

[Event "Titled Tuesday Blitz August 08 Late 2023"]
[White "Lysyj, Igor"]
[Black "Andreikin, Dmitry"]
[WhiteFideId "4150120"]
[BlackFideId "4158814"]
[WhiteElo "2826"]
[BlackElo "3022"]
[Result "1/2-1/2"]
[Round "4"]
[TimeControl "180+1"]
[Date "2023.08.08"]
[WhiteClock "0:00:21"]
[BlackClock "0:00:08"]
[Board "6"]

1. d4 Nf6 2. c4 e6 3. Nf3 a6 4. Nc3 d5 5. cxd5 exd5 6. Bg5 Be6 7. e3 Nbd7 8. Bd3 h6 9. Bf4 g5 10. Bg3 Nh5 11. O-O Nxg3 12. hxg3 c6 13. e4 dxe4 14. Bxe4 Nf6 15. Bc2 Bg7 16. Bb3 Nd5 17. Ne4 O-O 18. Nc5 Bc8 19. Re1 b6 20. Nd3 Bg4 21. Nde5 Bxe5 22. dxe5 Qd7 23. Bxd5 cxd5 24. Qd4 Bxf3 25. gxf3 Rac8 26. Qxb6 Rc6 27. Qd4 Rc4 28. Qd3 Qe6 29. Rad1 d4 30. b3 Rc3 31. Qxd4 Rxf3 32. Rd3 Rxd3 33. Qxd3 Rc8 34. Kg2 Kg7 35. Re4 Rc5 36. Qe3 Rc2 37. Ra4 Qd5+ 38. Qf3 Qxe5 39. Rxa6 Qd4 40. Ra4 Qc5 41. Rc4 Rxc4 42. bxc4 Qxc4 43. Qa8 h5 44. a4 h4 45. gxh4 Qg4+ 46. Kf1 Qd1+ 47. Kg2 Qg4+ 48. Kf1 Qd1+ 49. Kg2 Qg4+ 1/2-1/2


[Site "https://www.chess.com"]

[Event "Titled Tuesday Blitz August 08 Late 2023"]
[White "Asadli, Vugar"]
[Black "Xiong, Jeffery"]
[WhiteFideId "13405764"]
[BlackFideId "2047640"]
[WhiteElo "2825"]
[BlackElo "2978"]
[Result "1-0"]
[Round "4"]
[TimeControl "180+1"]
[Date "2023.08.08"]
[WhiteClock "0:01:30"]
[BlackClock "0:00:05"]
[Board "7"]

1. e4 e6 2. d4 d5 3. Nd2 c5 4. Ngf3 Nf6 5. Bb5+ Bd7 6. Bd3 c4 7. Be2 dxe4 8. Ne5 Nc6 9. Ndxc4 Be7 10. O-O O-O 11. Bf4 Nd5 12. Bg3 f5 13. Nxd7 Qxd7 14. Ne5 Nxe5 15. Bxe5 b5 16. a4 b4 17. Bc4 Bd6 18. Bxd5 exd5 19. f4 Rac8 20. Qe2 Rc4 21. b3 Rc3 22. Qb5 Qxb5 23. axb5 Bxe5 24. fxe5 Rxc2 25. Rxa7 g6 26. Rd7 Ra8 27. Kh1 e3 28. b6 Rb8 29. b7 g5 30. e6 1-0


[Site "https://www.chess.com"]

[Event "Titled Tuesday Blitz August 08 Late 2023"]
[White "Sjugirov, Sanan"]
[Black "Ashraf, Artin"]
[WhiteFideId "4189302"]
[BlackFideId "22514805"]
[WhiteElo "2963"]
[BlackElo "2825"]
[Result "0-1"]
[Round "4"]
[TimeControl "180+1"]
[Date "2023.08.08"]
[WhiteClock "0:00:06"]
[BlackClock "0:00:06"]
[Board "8"]

1. e4 a6 2. d4 c6 3. c4 d5 4. e5 Bf5 5. Nc3 e6 6. a3 b5 7. c5 f6 8. f4 Ne7 9. Nf3 Bg4 10. Be3 f5 11. h3 Bxf3 12. Qxf3 Nd7 13. Be2 Rb8 14. O-O g6 15. b4 a5 16. bxa5 Qxa5 17. Bd2 Qa7 18. Rfb1 Bh6 19. a4 bxa4 20. Qd3 a3 21. Rxb8+ Nxb8 22. Na2 O-O 23. Nb4 Nd7 24. Qxa3 Qb8 25. Qa7 Qd8 26. Qb7 Nb8 27. Ra7 Re8 28. Kh1 Bf8 29. Be1 Qc8 30. Bh4 Qxb7 31. Rxb7 Kf7 32. Kg1 h6 33. Kf1 Rc8 34. g4 Ke8 35. Bf6 Ng8 36. gxf5 Nxf6 37. exf6 exf5 38. f7+ Kd8 39. Nd3 Nd7 40. Ne5 Rc7 41. Rb8+ Nxb8 42. Nxg6 Rxf7 43. Ne5 Rf6 44. Bh5 Nd7 45. Nd3 Re6 46. Nb4 Re4 47. Nxc6+ Kc7 48. Nb4 Rxf4+ 49. Kg2 Rxd4 50. Na6+ Kb7 51. Be2 Re4 52. Bd3 Nxc5 53. Nxc5+ Bxc5 54. Kf3 Re3+ 0-1


[Site "https://www.chess.com"]

[Event "Titled Tuesday Blitz August 08 Late 2023"]
[White "He, Anthony"]
[Black "Riehle, Marco"]
[WhiteFideId "2088215"]
[BlackFideId "12904392"]
[WhiteElo "2958"]
[BlackElo "2814"]
[Result "1-0"]
[Round "4"]
[TimeControl "180+1"]
[Date "2023.08.08"]
[WhiteClock "0:00:25"]
[BlackClock "0:00:19"]
[Board "9"]

1. e4 e5 2. Nf3 Nf6 3. Nxe5 Nxe4 4. Qe2 Qe7 5. Qxe4 d6 6. d4 dxe5 7. dxe5 Nc6 8. Nc3 Qxe5 9. Qxe5+ Nxe5 10. Bf4 f6 11. O-O-O Bd7 12. Bb5 c6 13. Bxe5 fxe5 14. Rhe1 O-O-O 15. Bc4 Kc7 16. Ne4 Be7 17. Rd3 b5 18. Bb3 Bf5 19. Rxd8 Rxd8 20. c3 a5 21. Bc2 h6 22. Re2 a4 23. Nd2 Bxc2 24. Kxc2 Bf6 25. Ne4 Kb6 26. f3 c5 27. Nd2 Kc6 28. Ne4 b4 29. Rd2 Rxd2+ 30. Nxd2 Kd5 31. Kd3 Bg5 32. c4+ Kc6 33. Ne4 Bc1 34. b3 a3 35. h3 Bf4 36. Nf2 Kd6 37. Ke4 Bg3 38. Ng4 Bf4 39. Kf5 Bg3 40. Ne3 Bf4 41. Nd5 Bg3 42. Ke4 Ke6 43. Ne3 g6 44. Nf1 Bf4 45. g3 Bc1 46. Nh2 h5 47. Nf1 Kd6 48. h4 Ke6 49. Nh2 Kd6 50. Kd3 Ke6 51. Nf1 Kf5 52. Ne3+ Bxe3 53. Kxe3 Kf6 54. Ke4 Ke6 55. g4 Kf6 56. Kd5 g5 57. hxg5+ Kxg5 58. gxh5 Kf4 59. h6 Kxf3 60. h7 e4 61. h8=Q e3 62. Qh1+ Ke2 63. Kxc5 Kd2 64. Kxb4 Kc2 65. Kxa3 Kd2 66. c5 e2 67. c6 Ke3 68. c7 Kd2 69. c8=Q e1=Q 70. Qxe1+ Kd3 71. Qc4# 1-0


[Site "https://www.chess.com"]

[Event "Titled Tuesday Blitz August 08 Late 2023"]
[White "Iturrizaga Bonelli, Eduardo"]
[Black "Bauman_Guy"]
[WhiteFideId "3901211"]
[WhiteElo "2956"]
[BlackElo "2813"]
[Result "1-0"]
[Round "4"]
[TimeControl "180+1"]
[Date "2023.08.08"]
[WhiteClock "0:00:31"]
[BlackClock "0:00:01"]
[Board "10"]

1. c4 e5 2. g3 Nf6 3. Bg2 d5 4. cxd5 Nxd5 5. Nf3 Nc6 6. O-O Nb6 7. b3 Be6 8. Bb2 f6 9. Nc3 Qd7 10. Qc1 Bb4 11. Rd1 O-O 12. d4 Bxc3 13. Qxc3 e4 14. Nd2 Nd5 15. Qc1 f5 16. Nc4 Qf7 17. e3 g5 18. a3 a5 19. Qd2 h5 20. Rac1 h4 21. gxh4 gxh4 22. Kh1 Kh7 23. Rg1 Rg8 24. Qe2 Rg5 25. f3 exf3 26. Bxf3 Rag8 27. Rxg5 Rxg5 28. Qf2 Qg6 29. Qxh4+ Kg7 30. Nd2 Kg8 31. e4 Ne3 32. d5 fxe4 33. dxe6 Kf8 34. Nxe4 Rf5 35. Bf6 Rxf3 36. Qh8+ Qg8 37. Bg7+ 1-0


[Site "https://www.chess.com"]

[Event "Titled Tuesday Blitz August 08 Late 2023"]
[White "Grigorov, Grigor"]
[Black "Nguyen, Ngoc Truong Son"]
[WhiteFideId "2907313"]
[BlackFideId "12401110"]
[WhiteElo "2813"]
[BlackElo "2953"]
[Result "1-0"]
[Round "4"]
[TimeControl "180+1"]
[Date "2023.08.08"]
[WhiteClock "0:00:04"]
[BlackClock "0:00:10"]
[Board "11"]

1. d4 Nf6 2. Nf3 e6 3. Bg5 d5 4. Nbd2 Be7 5. e3 h6 6. Bh4 b6 7. Bb5+ c6 8. Bd3 c5 9. c3 Bb7 10. Ne5 Nbd7 11. Bxf6 Bxf6 12. Nxd7 Qxd7 13. f4 g5 14. Nf3 O-O-O 15. Ne5 Qc7 16. O-O Kb8 17. a4 c4 18. Be2 Bg7 19. a5 f6 20. axb6 axb6 21. Ng6 Rhe8 22. Qa4 Qc6 23. Qb4 Qd6 24. Qa4 Qc6 25. Qa3 Qd6 26. Qa4 Kc7 27. Qc2 Ra8 28. b3 b5 29. bxc4 dxc4 30. Rab1 Bc6 31. Bf3 Ra3 32. Bxc6 Qxc6 33. Rb2 Rea8 34. Rfb1 Ra1 35. h3 f5 36. Ne5 Bxe5 37. fxe5 Kb6 38. Kh2 Rxb1 39. Qxb1 Ra3 40. Qc1 Ra4 41. Qc2 Ra5 42. Qe2 Qd5 43. Qh5 Ra3 44. Qe8 Rxc3 45. Qb8+ Kc6 46. Qc8+ Kb6 47. Ra2 Qb7 48. Qc5# 1-0


[Site "https://www.chess.com"]

[Event "Titled Tuesday Blitz August 08 Late 2023"]
[White "Suleymanli, Aydin"]
[Black "Tristan, Leonardo"]
[WhiteFideId "13413937"]
[BlackFideId "113816"]
[WhiteElo "2948"]
[BlackElo "2792"]
[Result "1-0"]
[Round "4"]
[TimeControl "180+1"]
[Date "2023.08.08"]
[WhiteClock "0:00:07"]
[BlackClock "0:00:00"]
[Board "12"]

1. e4 d5 2. exd5 Qxd5 3. Qf3 Nf6 4. Nc3 Qxf3 5. Nxf3 Bf5 6. Nb5 Na6 7. Nbd4 Bd7 8. Ne5 Nc5 9. Nxd7 Ncxd7 10. g3 O-O-O 11. Bg2 e5 12. Nf5 g6 13. Ne3 e4 14. f3 Bc5 15. Nc4 Rhe8 16. f4 Nd5 17. a3 N7f6 18. Ke2 Ng4 19. c3 a6 20. a4 h5 21. a5 Kb8 22. Ra4 h4 23. Ne5 Nxe5 24. fxe5 Rxe5 25. Rxe4 Rxe4+ 26. Bxe4 Nf6 27. Bf3 Re8+ 28. Kf1 Bd6 29. gxh4 Bf4 30. Kg2 Rh8 31. Re1 Bd6 32. d4 Nh5 33. Re4 Ng7 34. Bg5 Nf5 35. h5 gxh5 36. h4 Rg8 37. Kf2 Ng7 38. Bf6 Ne6 39. Bxh5 Nf4 40. Bf3 Nd3+ 41. Ke2 Nxb2 42. h5 Rg1 43. h6 Bg3 44. h7 Re1+ 45. Kd2 Nc4+ 46. Kd3 Nb2+ 47. Kc2 Nc4 48. Rxe1 Ka7 49. h8=Q 1-0


[Site "https://www.chess.com"]

[Event "Titled Tuesday Blitz August 08 Late 2023"]
[White "Fier, Alexandr"]
[Black "Kamsky, Gata"]
[WhiteFideId "2107139"]
[BlackFideId "2000024"]
[WhiteElo "2777"]
[BlackElo "2946"]
[Result "1/2-1/2"]
[Round "4"]
[TimeControl "180+1"]
[Date "2023.08.08"]
[WhiteClock "0:00:30"]
[BlackClock "0:00:13"]
[Board "13"]

1. e4 c5 2. Nf3 e6 3. d4 cxd4 4. Nxd4 a6 5. c4 Nf6 6. Nc3 Bb4 7. Be2 Nxe4 8. Qd3 Nxc3 9. bxc3 Be7 10. O-O O-O 11. Rd1 d6 12. Ba3 Nd7 13. Nb3 Ne5 14. Qg3 Qc7 15. Rd4 b5 16. cxb5 axb5 17. Bb4 Nc6 18. Rg4 g6 19. Bxb5 e5 20. Rc4 Bd7 21. Na5 Rxa5 22. Bxa5 Qxa5 23. Bxc6 Be6 24. Rb4 d5 25. Rb7 Bf6 26. Bd7 Qa6 27. Rab1 Bxd7 28. Rxd7 Qxa2 29. Rd1 d4 30. cxd4 exd4 31. Qf3 Qa4 32. Rd5 Kg7 33. g3 Re8 34. Kg2 h5 35. h4 Qc2 36. Ra1 Qe4 37. Ra7 Qxf3+ 38. Kxf3 Rd8 39. Ke4 Rxd5 40. Kxd5 d3 41. Ra3 d2 42. Rd3 Bc3 43. Kc4 Ba5 44. Rd6 Kf8 45. Kb3 Ke7 46. Rd3 Ke6 47. Kc2 Ke5 48. Rb3 Ke4 49. Kd1 f6 50. Ke2 g5 51. hxg5 fxg5 52. Rb5 Bd8 53. f3+ Kd4 54. Rb7 Ke5 55. Kxd2 h4 56. gxh4 gxh4 57. Ke3 Bg5+ 58. Kf2 Bf4 59. Kg2 Bg3 60. Rf7 Ke6 61. Rb7 Kf5 62. Kh3 Kf4 63. Rf7+ Kg5 64. Rf8 Bd6 65. Re8 Bg3 66. Re4 Kf5 67. Ra4 Kg5 68. Kg2 Kf5 69. Kf1 h3 70. Rg4 Bf4 71. Rh4 h2 72. Kg2 Kg5 73. Rh8 Kf5 74. Kf2 Kg5 75. Rh3 Kf5 76. Ke2 Kg5 77. Kd3 Kf5 78. Kd4 Bg3 79. Ke3 Bf4+ 80. Kf2 Kg5 81. Kg2 Kf5 82. Rh5+ Kg6 83. Ra5 Kf6 84. Ra1 Kf5 85. Kh3 Kg5 86. Rh1 Kf5 87. Kh4 Be5 88. Kh3 Bf4 89. Kg2 Kg5 90. Rd1 Kf5 91. Rd4 Kg5 92. Rd5+ Kf6 93. Rh5 Kg6 94. Rxh2 Bxh2 95. Kxh2 Kf5 96. Kg3 Kg5 97. f4+ Kf5 98. Kf3 Kf6 99. Kg4 Kg6 100. f5+ Kf6 101. Kf4 Kf7 102. Ke5 Ke7 103. f6+ Kf7 104. Kf5 Kf8 105. Ke5 Kf7 106. Kf5 Kf8 107. Kg6 Kg8 108. f7+ Kf8 109. Kf6 1/2-1/2


[Site "https://www.chess.com"]

[Event "Titled Tuesday Blitz August 08 Late 2023"]
[White "Ponikarovsky, Alexey"]
[Black "Shimanov, Aleksandr"]
[WhiteFideId "4122887"]
[BlackFideId "4198603"]
[WhiteElo "2757"]
[BlackElo "2926"]
[Result "0-1"]
[Round "4"]
[TimeControl "180+1"]
[Date "2023.08.08"]
[WhiteClock "0:02:43"]
[BlackClock "0:02:16"]
[Board "14"]

1. e4 c6 2. d4 d5 3. exd5 cxd5 4. Nf3 Bg4 5. c4 Nf6 6. Nc3 e6 7. cxd5 Nxd5 8. Bb5+ Nc6 9. Qa4 Bd6 10. Bxc6+ bxc6 11. Qxc6+ Kf8 12. Ne5 Bxe5 13. dxe5 Nxc3 0-1


[Site "https://www.chess.com"]

[Event "Titled Tuesday Blitz August 08 Late 2023"]
[White "Fressinet, Laurent"]
[Black "Akobian, Varuzhan"]
[WhiteFideId "608742"]
[BlackFideId "13300580"]
[WhiteElo "2919"]
[BlackElo "2746"]
[Result "1-0"]
[Round "4"]
[TimeControl "180+1"]
[Date "2023.08.08"]
[WhiteClock "0:01:31"]
[BlackClock "0:00:30"]
[Board "15"]

1. d4 e6 2. Nf3 f5 3. c4 Nf6 4. g3 d5 5. Bg2 c6 6. Bf4 Bd6 7. Nc3 Bxf4 8. gxf4 O-O 9. e3 Nbd7 10. Qc2 Ne4 11. Rg1 Qa5 12. Nd2 Ndf6 13. Bxe4 dxe4 14. O-O-O b5 15. Kb1 bxc4 16. Nxc4 Qb4 17. Ne5 Ba6 18. Qa4 Qxa4 19. Nxa4 Nd5 20. Nc5 Bc8 21. Nxc6 a5 22. Rc1 a4 23. a3 Kf7 24. Nb4 Nxb4 25. axb4 Rb8 26. Nxa4 Rxb4 27. Rc7+ Kf6 28. Nc5 Rb6 29. Rgxg7 h5 30. Rg5 Rh8 31. Rxc8 1-0


[Site "https://www.chess.com"]

[Event "Titled Tuesday Blitz August 08 Late 2023"]
[White "Terry, Renato"]
[Black "Begmuratov, Alisher"]
[WhiteFideId "3803457"]
[BlackFideId "14203367"]
[WhiteElo "2916"]
[BlackElo "2666"]
[Result "1-0"]
[Round "4"]
[TimeControl "180+1"]
[Date "2023.08.08"]
[WhiteClock "0:00:06"]
[BlackClock "0:00:04"]
[Board "16"]

1. d4 Nf6 2. Nf3 c5 3. d5 e6 4. Nc3 Nxd5 5. Nxd5 exd5 6. Qxd5 Nc6 7. e4 d6 8. Bc4 Be6 9. Qd3 Bxc4 10. Qxc4 Be7 11. Bf4 O-O 12. O-O a6 13. c3 b5 14. Qd5 Qb6 15. Rad1 Rfd8 16. Rd2 b4 17. Rfd1 bxc3 18. bxc3 Rab8 19. Qh5 h6 20. g4 Na5 21. g5 Nc4 22. Rd5 g6 23. Qxh6 Bf8 24. Qh3 Bg7 25. Qf1 Qb5 26. e5 Nb2 27. c4 Qe8 28. R1d2 Qe6 29. Qe2 Re8 30. Bg3 Qg4 31. h3 Qxc4 32. Rxd6 Bf8 33. Rxa6 Re6 34. Rxe6 fxe6 35. Kg2 Qxe2 36. Rxe2 Nd3 37. Rc2 Nb4 38. Rc4 Nxa2 39. Bf4 Nb4 40. Nd2 Nd3 41. Bg3 Rb2 42. Ne4 Rb4 43. Nd2 Rb2 44. Nf3 Kf7 45. Rc3 Nb4 46. Kf1 Nd5 47. Rc4 Be7 48. h4 Ke8 49. Ne1 Kd7 50. Nd3 Rb1+ 51. Ke2 Kc6 52. Rc2 Kb5 53. Nf4 Nxf4+ 54. Bxf4 c4 55. Rd2 c3 56. Rd7 Rb2+ 57. Kf3 Bc5 58. Be3 Bxe3 59. Kxe3 Rb4 60. Kd3 Ka4 61. Kxc3 Rb3+ 62. Kd4 Rf3 63. Kc5 Rxf2 64. Kd6 Rf4 65. Kxe6 Rxh4 66. Kf6 Re4 67. e6 Kb5 68. e7 Kc6 69. Rd8 1-0


[Site "https://www.chess.com"]

[Event "Titled Tuesday Blitz August 08 Late 2023"]
[White "Kovalev, Vladislav"]
[Black "Droin, Augustin"]
[WhiteFideId "13504398"]
[BlackFideId "45105987"]
[WhiteElo "2913"]
[BlackElo "2564"]
[Result "0-1"]
[Round "4"]
[TimeControl "180+1"]
[Date "2023.08.08"]
[WhiteClock "0:00:00"]
[BlackClock "0:00:48"]
[Board "17"]

1. e4 c5 2. Nf3 d6 3. Bb5+ Nd7 4. O-O a6 5. Bd3 Ngf6 6. c3 b5 7. a4 c4 8. Be2 Bb7 9. axb5 axb5 10. Rxa8 Qxa8 11. Na3 Bc6 12. Nd4 Bxe4 13. Naxb5 Qb7 14. Bxc4 Bxg2 15. Re1 Ne5 16. Qa4 Nfd7 17. Rxe5 dxe5 18. Nf5 Bh3 19. Bd5 Qb8 20. Ne3 g6 21. Qc4 Bh6 22. Bxf7+ Kf8 23. Bd5 Nf6 24. Qh4 Bxe3 25. dxe3 Nxd5 26. c4 Be6 27. cxd5 Qxb5 28. dxe6 Qc6 29. Qh6+ Ke8 30. Bd2 Qxe6 31. Bc3 Kf7 32. Qg5 Rd8 33. Qxe5 Qg4+ 34. Qg3 Qe4 35. Qf4+ Qxf4 36. exf4 Ke6 37. Kg2 Kf5 38. Be5 g5 39. Kf3 Rd3+ 40. Ke2 Rh3 41. b4 Rb3 0-1


[Site "https://www.chess.com"]